AoeStats
← 海峡

MegaRandom

509325938Analyzed
2v2 RM · 7d ago on Sep 26, 2026· 50m 33s· 4 players
Game mode
Random Map
Map size
Medium (4 player)
Population
200
Speed
Normal
Resources
Standard
Victory
Conquest
Starting age
Dark Age
Ending age
Imperial Age
RankedLock teamsTeams togetherTeam positionsShared explorationLock speedFull tech treeHidden civsTurbo modeCheats
Victory
Defeat
🇷🇺 Vikings · Russia
1397
+13
🇨🇦 Britons · Canada
1382
+14
🇨🇳 Japanese · China
1430
-17
🇨🇳 Mongols · China
1243
-10
Jaha
10:47 Feudal Age
11:49 Double-Bit Axe
14:16 Forging
19:05 Castle Age
17:54 Gold Mining
22:54 Fervor
25:36 Fletching
27:32 Ballistics
29:38 Loom
29:38 Town Watch
30:53 Bodkin Arrow
31:52 Yeomen
32:46 Wheelbarrow
32:05 Crossbowman
33:16 Padded Archer Armor
40:00 Imperial Age
40:01 Leather Archer Armor
40:50 Bracer
41:13 Conscription
41:24 Conscription
41:04 Warwolf
43:01 Capped Ram
43:41 Arbalester
44:53 Ring Archer Armor
47:10 Hand Cart
YuriiVegas
9:13 Loom
12:02 Feudal Age
13:03 Double-Bit Axe
13:01 Fishing Lines
16:20 Castle Age
14:48 Gold Mining
16:08 Fletching
16:16 Loom
16:22 Town Watch
17:41 Bodkin Arrow
19:43 Gold Shaft Mining
20:48 Bow Saw
23:27 Medium Warships
26:00 Forging
27:21 Horse Collar
33:13 Clinker Construction
33:14 Careening
33:32 Heavy Plow
37:47 Iron Casting
40:40 Imperial Age
38:38 Chieftains
41:28 Bogsveigar
42:36 Blast Furnace
41:37 Bracer
41:29 Elite Longship
43:20 Heavy Warships
45:44 Chemistry
46:51 Two-Man Saw
46:41 Dry Dock
48:03 Bogsveigar
48:25 Town Patrol
49:41 Stone Mining
51:09 Crop Rotation
海峡
13:27 Feudal Age
14:03 Double-Bit Axe
14:11 Gold Mining
17:18 Wheelbarrow
17:11 Fishing Lines
22:28 Castle Age
23:21 Medium Warships
23:53 Gold Shaft Mining
23:34 Bow Saw
24:12 Fletching
25:15 Treadmill Crane
26:38 Gillnets
27:22 Careening
28:27 Loom
29:33 Ballistics
29:33 Padded Archer Armor
31:29 Bloodlines
31:28 Bodkin Arrow
35:36 Elite Skirmisher
37:24 Stone Mining
还有遗憾吗
12:50 Feudal Age
16:22 Castle Age
14:31 Fishing Lines
14:54 Double-Bit Axe
15:03 Horse Collar
19:21 Medium Warships
21:30 Ballistics
27:21 Gold Mining
27:25 Stone Mining
30:07 Loom
32:52 Imperial Age
30:58 Wheelbarrow
30:08 Town Watch
33:01 Imperial Age
31:21 Gold Shaft Mining
33:25 Bow Saw
33:34 Masonry
34:36 Heavy Warships
37:29 Chemistry
40:48 Conscription
39:49 Elite Mangudai
40:54 Fletching
41:04 Padded Archer Armor
41:04 Murder Holes
43:44 Stone Shaft Mining
45:21 Husbandry
45:32 Bloodlines
45:50 Parthian Tactics
45:30 Thumb Ring
48:37 Bodkin Arrow
48:57 Leather Archer Armor
49:47 Bracer
Connection lost

Rejoining the realm…

Still unreachable

The connection could not be restored.

Session expired

The server has moved on; the page needs a fresh start.